 Dungeon Sprint DCSS version 0.31-a0-1074-g0b22e4e0f1 (webtiles) character file.

Game seed: 356050565788147671

3491 tbh1313 the Bludgeoner (level 10, -3/165 HPs)
             Began as an Ogre Berserker on Nov 28, 2023.
             Was a High Priest of Trog.
             Succumbed to a redback's poison
             ... in the Dungeon (Sprint I: "Red Sonja").
             The game lasted 00:05:03 (1016 turns).

tbh1313 the Bludgeoner (Ogre Berserker)             Turns: 1016, Time: 00:05:03

Health: -3/165     AC:  5    Str: 33    XL:     10   Next: 7%
Magic:  10/10      EV: 10    Int:  8    God:    Trog [*****.]
Gold:   141        SH:  0    Dex:  8    Spells: 9/9 levels left

rFire   . . .        j - +1 giant spiked club (protect)
rCold   . . .        (shield currently unavailable)
rNeg    . . .        k - +0 robe
rPois   .            o - +2 hat
rElec   .            (no cloak)
rCorr   .            (gloves unavailable)
SInv    .            (boots unavailable)
Will    +....        (no amulet) Stlth
                     a - +6 ring of strength
HPRegen 0.47/turn    (no ring)
MPRegen 0.12/turn

%: no teleportation
@: berserking, lethally poisoned (-3 -> -47), very quick
A: large, unfitting armour, tough skin 1
a: Renounce Religion, Berserk, Trog's Hand, Brothers in Arms


You were in the Dungeon.
You worshipped Trog.
Trog was extremely pleased with you.
You visited 1 branch You collected 631 gold pieces.
You spent 490 gold pieces at shops.

Inventory:

Hand Weapons
 j - a +1 giant spiked club of protection (weapon)
 l - a +0 sling
Armour
 k - a +0 robe (worn)
 o - a +2 hat (worn)
Jewellery
 a - a +6 ring of strength (left hand)
Wands
 i - a wand of charming (13)
Scrolls
 b - a scroll of immolation
 h - a scroll of blinking
 m - a scroll of identify
 n - a scroll of vulnerability {unknown}
Potions
 d - a potion of heal wounds
 e - a potion of haste
 f - 2 potions of magic
 g - a potion of berserk rage


   Skills:
 - Level 10.0 Fighting
 + Level 19.6 Maces & Flails
 - Level 2.6 Dodging


You had 9 spell levels left.
You didn't know any spells.
Your spell library was empty.

Dungeon Overview and Level Annotations

Branches:
Dungeon (1/1)

Altars:
Cheibriados
Dithmenos
Elyvilon
Fedhas
Gozag
Hepliaklqana
Kikubaaqudgha
Makhleb
Nemelex Xobeh
Okawaru
Qazlal
Ru
Sif Muna
Trog
Uskayaw
Vehumet
Wu Jian
Xom
Yredelemnul
Zin
The Shining One
Jiyva
Lugonu

Shops:
D ?[


Innate Abilities, Weirdness & Mutations

You are too large for most types of armour.
You have tough skin. (AC +1)


Message History

Your damage rating with your +1 giant spiked club of protection is about 57 (Base 22 x 157% (Str) x 162% (Skill) + 1 (Ench)).
Your base attributes are Str 27, Int 8, Dex 8.
You open the door.
Found 54 gold pieces. 2 redbacks come into view.
Found 54 gold pieces.
The redback moves out of view.
There is an open door here.
You see here 27 gold pieces.
You closely miss the redback. The redback bites you!
You are poisoned.
The redback poisons you! The redback bites you.
You barely miss the redback.
You feel extremely sick. The redback bites you.
You barely miss the redback.
You feel extremely sick. The redback bites you!
You feel extremely sick. The redback bites you!
You are lethally poisoned!
The redback poisons you!
There is an open door, spattered with blood here.
You feel extremely sick. The redback bites you!
* * * LOW HITPOINT WARNING * * *
You feel better.
The redback bites you but does no damage.
A red film seems to cover your vision as you go berserk!
You feel yourself moving faster!
You feel mighty! The redback bites you!
* * * LOW HITPOINT WARNING * * *
The redback bites you.
* * * LOW HITPOINT WARNING * * *
You barely miss the redback. The redback bites you!
* * * LOW HITPOINT WARNING * * *
You closely miss the redback. The redback bites you!
* * * LOW HITPOINT WARNING * * *
You are lethally poisoned!
The redback poisons you!
You closely miss the redback.
You die...

..#..'..#__#..'...#
..[..#..'..'..#)..#
#'#####'#__####...+
..#...#)####.[#####
###..##)#§~§§.#..#
__##'#_.§§§~.§§§§#
...'..._#~~§§.#§§#
__##_.#'##§#####'###
__###+#.#§)..###@s$#
### ####'###[###$#
+.....'.∩##§#
###########$# #.#
+$# #s# #§#


You could see a redback.

Levels and vault maps discovered:
D:        dungeon_sprint_1 [red_sonja_temple_1, red_sonja_temple_small_1]

Notes
Turn   | Place    | Note
-------+----------+-------------------------------------------
     0 | D        | tbh1313 the Ogre Berserker began the quest for the Orb.
     0 | D        | Reached XP level 1. HP: 24/24 MP: 1/1
     1 | D        | Noticed Ijyb
     8 | D        | Killed Ijyb
     9 | D        | Reached skill level 4 in Maces & Flails
     9 | D        | Reached XP level 2. HP: 37/37 MP: 2/2
     9 | D        | Reached XP level 3. HP: 45/45 MP: 3/3
    53 | D        | Noticed an ogre
    57 | D        | Killed an ogre
    58 | D        | Reached skill level 8 in Maces & Flails
    58 | D        | Reached XP level 4. HP: 55/55 MP: 4/4
   109 | D        | Noticed Sigmund
   126 | D        | Killed Sigmund
   126 | D        | Reached ** piety under Trog
   127 | D        | Reached skill level 11 in Maces & Flails
   127 | D        | Reached XP level 5. HP: 36/62 MP: 5/5
   127 | D        | Reached XP level 6. HP: 41/71 MP: 6/6
   281 | D        | Found an ornate altar of the Wu Jian Council.
   281 | D        | Found a shimmering blue altar of Sif Muna.
   283 | D        | Found a radiant altar of Vehumet.
   298 | D        | Found Mirihat's Magic Scroll Emporium.
   298 | D        | Found an ancient bone altar of Kikubaaqudgha.
   298 | D        | Found a hazy altar of Hepliaklqana.
   298 | D        | Found a stormy altar of Qazlal.
   298 | D        | Found a hide-covered altar of Uskayaw.
   298 | D        | Found a blossoming altar of Fedhas.
   298 | D        | Found a bloodstained altar of Trog.
   298 | D        | Found an iron altar of Okawaru.
   298 | D        | Found a basalt altar of Yredelemnul.
   298 | D        | Found a glowing golden altar of the Shining One.
   298 | D        | Found a snail-covered altar of Cheibriados.
   298 | D        | Found a sacrificial altar of Ru.
   298 | D        | Found a glowing silver altar of Zin.
   298 | D        | Found a shadowy altar of Dithmenos.
   298 | D        | Found a white marble altar of Elyvilon.
   298 | D        | Noticed a yak
   302 | D        | Killed a yak
   303 | D        | Reached skill level 12 in Maces & Flails
   303 | D        | Reached XP level 7. HP: 61/78 MP: 7/7
   355 | D        | Found an opulent altar of Gozag.
   356 | D        | Found a sparkling altar of Nemelex Xobeh.
   360 | D        | Bought a scroll of enchant weapon for 105 gold pieces
   360 | D        | Bought a scroll of identify for 28 gold pieces
   386 | D        | Bought a scroll of brand weapon for 133 gold pieces
   407 | D        | Found a burning altar of Makhleb.
   407 | D        | Found a viscous altar of Jiyva.
   407 | D        | Found a shimmering altar of Xom.
   407 | D        | Found a corrupted altar of Lugonu.
   407 | D        | Noticed a slime creature
   413 | D        | Killed a slime creature
   414 | D        | Reached skill level 13 in Maces & Flails
   473 | D        | Noticed a kobold demonologist
   473 | D        | Noticed a glass eye
   473 | D        | Noticed a kobold demonologist
   477 | D        | Noticed an ice devil
   478 | D        | Killed a kobold demonologist
   478 | D        | Reached *** piety under Trog
   479 | D        | Reached skill level 15 in Maces & Flails
   479 | D        | Reached XP level 8. HP: 87/87 MP: 8/8
   485 | D        | Killed a kobold demonologist
   491 | D        | Killed a glass eye
   491 | D        | Reached **** piety under Trog
   492 | D        | Reached skill level 16 in Maces & Flails
   527 | D        | Noticed a centaur warrior
   527 | D        | Noticed a centaur warrior
   537 | D        | Killed a centaur warrior
   538 | D        | Reached skill level 10 in Fighting
   538 | D        | Reached skill level 17 in Maces & Flails
   538 | D        | Reached XP level 9. HP: 101/101 MP: 9/9
   542 | D        | Killed a centaur warrior
   543 | D        | Reached skill level 18 in Maces & Flails
   647 | D        | Noticed a hornet
   649 | D        | Paralysed by a hornet for 3 turns
   657 | D        | Killed a hornet
   924 | D        | Noticed a deep troll
   929 | D        | Killed a deep troll
   930 | D        | Reached skill level 19 in Maces & Flails
   978 | D        | Found Milepai's Armour Emporium.
   983 | D        | Bought a +2 hat for 224 gold pieces
  1000 | D        | Noticed an oklob plant
  1003 | D        | Killed an oklob plant
  1003 | D        | Reached ***** piety under Trog
  1004 | D        | Reached XP level 10. HP: 110/110 MP: 10/10
  1015 | D        | HP: 3/165 [redback (14)]
  1016 | D        | Succumbed to a redback's poison

Table legend: (Time is in decaauts)
 A = Elapsed time spent in this place.
 B = Non-inter-level travel time spent in this place.
 C = Inter-level travel time spent in this place.
 D = Time resting spent in this place.
 E = Time spent auto-exploring this place.
 F = Levels seen in this place.
 G = Mean time per level.
                   A        B        C        D        E       F      G
               +--------+--------+--------+--------+--------+-----+--------+
         Total |   1088 |   1088 |      0 |    782 |      0 |   1 | 1088.0 |
       Dungeon |   1088 |   1088 |      0 |    782 |      0 |   1 | 1088.0 |
               +--------+--------+--------+--------+--------+-----+--------+

Top non-repeatable levels by time:
       D: 1088 daAuts

Table legend:
 A = Kills in this place as a percentage of kills in the entire game.
 B = Kills by you in this place as a percentage of kills by you in the entire game.
 C = Kills by friends in this place as a percentage of kills by friends in the entire game.
 D = Other kills in this place as a percentage of other kills in the entire game.
 E = Experience gained in this place as a percentage of experience gained in the entire game.
 F = Experience gained in this place divided by the number of levels of this place that you have seen.
                   A       B       C       D       E      F
               +-------+-------+-------+-------+-------+----------------------
         Total | 100.0 | 100.0 |   N/A |   N/A | 100.0 | 4988.0
       Dungeon | 100.0 | 100.0 |   N/A |   N/A | 100.0 | 4988.0
               +-------+-------+-------+-------+-------+----------------------

Action                     |  1- 3 |  4- 6 |  7- 9 | 10-12 || total
---------------------------+-------+-------+-------+-------++-------
  Melee: Mace              |     9 |       |       |       ||     9
         Giant spiked club |       |    14 |    40 |     6 ||    60
 Invoke: Berserk           |     2 |     1 |     4 |     1 ||     8
         Trog's Hand       |       |       |     1 |       ||     1
    Use: Scroll            |       |       |     3 |       ||     3
         Potion            |       |       |       |     1 ||     1
 Armour: Animal skin       |     3 |     6 |       |       ||     9
         Robe              |       |     2 |    36 |    11 ||    49
  Dodge: Dodged            |     1 |     5 |    17 |       ||    23

Vanquished Creatures
  2 centaur warriors (D)
  A deep troll (D)
  An oklob plant (D)
  2 kobold demonologists (D)
  A hornet (D)
  A glass eye (D)
  Sigmund (D)
  A slime creature (D)
  A yak (D)
  An ogre (D)
  A jelly (D)
  Ijyb (D)
14 creatures vanquished.
